TOP OF THE 1ST |
Casper Ghosts batting - Pitching for Moose Jaw Ghostbusters : RHP Ernesto Mendoza
|
Pitching: RHP Ernesto Mendoza
|
|
Batting: SHB Esteban Aliaga
|
0-0: Called Strike 0-1: Foul Ball, location: 2F 0-2: Foul Ball, location: 2F 0-2: Strikes out swinging
|
Batting: LHB George Flanagan
|
0-0: Called Strike 0-1: Fly out, F8 (Flyball, 8RXD)
|
Batting: LHB Ralph Cobb
|
0-0: SINGLE (Line Drive, 8LS)
|
Batting: RHB Jerry Browning
|
0-0: Ball Ralph Cobb is caught stealing 2nd base
|
Top of the 1st over - 0 runs, 1 hit, 0 errors, 0 left on base; Casper 0 - Moose Jaw 0 |
BOTTOM OF THE 1ST |
Moose Jaw Ghostbusters batting - Pitching for Casper Ghosts : LHP Wilson Ramos
|
Pitching: LHP Wilson Ramos
|
|
Batting: SHB Lonnie Washington
|
0-0: Ball 1-0: SINGLE (Line Drive, 8RS)
|
Batting: RHB Edmund Kline
|
0-0: Ball 1-0: Foul Ball, location: 2F 1-1: Ball 2-1: Swinging Strike 2-2: Ball 3-2: Strikes out swinging
|
Batting: LHB Bill O'Higgins
|
0-0: Called Strike 0-1: Fly out, F7 (Flyball, 78S)
|
Batting: RHB Scott McGuire
|
0-0: Ball 1-0: Called Strike Lonnie Washington steals 2nd base 1-1: Foul Ball, location: 2F 1-2: Strikes out swinging
|
Bottom of the 1st over - 0 runs, 1 hit, 0 errors, 1 left on base; Casper 0 - Moose Jaw 0 |
TOP OF THE 2ND |
Casper Ghosts batting - Pitching for Moose Jaw Ghostbusters : RHP Ernesto Mendoza
|
Batting: RHB Jerry Browning
|
0-0: Ball 1-0: Called Strike 1-1: Ball 2-1: DOUBLE (Line Drive, 9LM)
|
Batting: RHB Tommy Allen
|
0-0: Ball 1-0: Called Strike 1-1: Foul Ball, location: 2F 1-2: Fly out, F9 (Flyball, 89XD) Runner from 2nd tags up, SAFE at 3rd, no throw
|
Batting: RHB Greg Nichols
|
0-0: Ball 1-0: DOUBLE (Line Drive, 7LM) Jerry Browning scores
|
Batting: RHB Troy Johnson
|
0-0: Ball 1-0: Foul Ball, location: 2F 1-1: Ball 2-1: Called Strike 2-2: Foul Ball, location: 2F 2-2: SINGLE (Groundball, 6MD) Greg Nichols to third
|
Batting: LHB Ramón Córdova
|
0-0: SINGLE (Line Drive, 78M) Greg Nichols scores Troy Johnson to second
|
Batting: RHB Zhong-xian Pai
|
0-0: SINGLE (Groundball, 34D) Troy Johnson to third Ramón Córdova to second
|
Batting: SHB Esteban Aliaga
|
0-0: SINGLE (Groundball, 6MS) (infield hit) Troy Johnson scores Ramón Córdova to third Zhong-xian Pai to second
|
Batting: LHB George Flanagan
|
0-0: Ball 1-0: Swinging Strike 1-1: Ground out 4-3 (Groundball, 4S) Ramón Córdova scores Zhong-xian Pai to third Esteban Aliaga to second
|
Batting: LHB Ralph Cobb
|
0-0: Ground out 1-3 (Groundball, 13)
|
Top of the 2nd over - 4 runs, 6 hits, 0 errors, 2 left on base; Casper 4 - Moose Jaw 0 |
BOTTOM OF THE 2ND |
Moose Jaw Ghostbusters batting - Pitching for Casper Ghosts : LHP Wilson Ramos
|
Batting: RHB Aaron Murray
|
0-0: Called Strike 0-1: Called Strike 0-2: Ball 1-2: Ground out 4-3 (Groundball, 4)
|
Batting: LHB Bernard Lane
|
0-0: Called Strike 0-1: Ball 1-1: SOLO HOME RUN (Flyball, 9D), Distance : 350 ft
|
Batting: RHB José Maldonado
|
0-0: Ball 1-0: Ball 2-0: Ball 3-0: Base on Balls
|
Batting: SHB Martín Cruz
|
0-0: Called Strike 0-1: Grounds into double play, 6-4-3 (Groundball, 56)
|
Bottom of the 2nd over - 1 run, 1 hit, 0 errors, 0 left on base; Casper 4 - Moose Jaw 1 |
TOP OF THE 3RD |
Casper Ghosts batting - Pitching for Moose Jaw Ghostbusters : RHP Ernesto Mendoza
|
Batting: RHB Jerry Browning
|
0-0: Called Strike 0-1: Called Strike 0-2: Fly out, F5 (Line Drive, 5)
|
Batting: RHB Tommy Allen
|
0-0: Swinging Strike 0-1: Ball 1-1: Called Strike 1-2: Foul Ball, location: 2F 1-2: Foul Ball, location: 2F 1-2: Strikes out swinging
|
Batting: RHB Greg Nichols
|
0-0: Ball 1-0: Fly out, F9 (Flyball, 89M)
|
Top of the 3rd over - 0 runs, 0 hits, 0 errors, 0 left on base; Casper 4 - Moose Jaw 1 |
BOTTOM OF THE 3RD |
Moose Jaw Ghostbusters batting - Pitching for Casper Ghosts : LHP Wilson Ramos
|
Batting: RHB Preston Manning
|
0-0: Ground out 4-3 (Groundball, 4D)
|
Batting: SHB Lonnie Washington
|
0-0: Swinging Strike 0-1: Ball 1-1: Foul Ball, location: 2F 1-2: Ball 2-2: Strikes out swinging
|
Batting: RHB Edmund Kline
|
0-0: Called Strike 0-1: Ball 1-1: Foul Ball, location: 2F 1-2: Reached on error, E7 (Line Drive, 7)
|
Batting: LHB Bill O'Higgins
|
0-0: Called Strike 0-1: Called Strike 0-2: Ball 1-2: Fly out, F5 (Popup, 5)
|
Bottom of the 3rd over - 0 runs, 0 hits, 1 error, 1 left on base; Casper 4 - Moose Jaw 1 |
TOP OF THE 4TH |
Casper Ghosts batting - Pitching for Moose Jaw Ghostbusters : RHP Ernesto Mendoza
|
Batting: RHB Troy Johnson
|
0-0: Called Strike 0-1: Ball 1-1: Ball 2-1: Ball 3-1: Base on Balls
|
Batting: LHB Ramón Córdova
|
0-0: Called Strike 0-1: Called Strike 0-2: Ball 1-2: TRIPLE (Line Drive, 8LD) Troy Johnson scores
|
Batting: RHB Zhong-xian Pai
|
0-0: SINGLE (Groundball, 3D) Ramón Córdova scores
|
Batting: SHB Esteban Aliaga
|
0-0: Ball 1-0: Swinging Strike 1-1: Swinging Strike 1-2: Ball 2-2: Strikes out swinging
|
Batting: LHB George Flanagan
|
0-0: Foul Ball, location: 2F 0-1: Swinging Strike 0-2: Foul Ball, location: 2F 0-2: Foul Ball, location: 2F 0-2: Ball 1-2: Ball 2-2: Foul Ball, location: 2F 2-2: Strikes out swinging
|
Batting: LHB Ralph Cobb
|
0-0: Ball 1-0: Ball 2-0: Foul Ball, location: 2F 2-1: SINGLE (Flyball, 89S) Zhong-xian Pai to second Runner from 2nd tries for 3rd, SAFE, no throw
|
Batting: RHB Jerry Browning
|
0-0: Called Strike 0-1: Fielders Choice at 2nd, 6-4 (Groundball, 6)
|
Top of the 4th over - 2 runs, 3 hits, 0 errors, 2 left on base; Casper 6 - Moose Jaw 1 |
BOTTOM OF THE 4TH |
Moose Jaw Ghostbusters batting - Pitching for Casper Ghosts : LHP Wilson Ramos
|
Batting: RHB Scott McGuire
|
0-0: Ball 1-0: Ball 2-0: Ball 3-0: Called Strike 3-1: Reached on error, E5 (Groundball, 56)
|
Batting: RHB Aaron Murray
|
0-0: Called Strike 0-1: Ball 1-1: SINGLE (Groundball, 34D) Scott McGuire to second Runner from 2nd tries for 3rd, SAFE, no throw
|
Batting: LHB Bernard Lane
|
0-0: Ball 1-0: Swinging Strike 1-1: Swinging Strike 1-2: Foul Ball, location: 2F 1-2: Ball 2-2: Foul Ball, location: 2F 2-2: Ball 3-2: Base on Balls Aaron Murray to second
|
Batting: RHB José Maldonado
|
0-0: Called Strike 0-1: Ball 1-1: Called Strike 1-2: Foul Ball, location: 2F 1-2: SINGLE (Groundball, 6MD) Scott McGuire scores Aaron Murray to third Bernard Lane to second
|
Batting: SHB Martín Cruz
|
0-0: Called Strike 0-1: Ball 1-1: Foul Ball, location: 2F 1-2: Ball 2-2: Foul Ball, location: 2F 2-2: Ball 3-2: Strikes out swinging
|
Batting: RHB Preston Manning
|
0-0: Foul Ball, location: 2F 0-1: Ball 1-1: Swinging Strike 1-2: Ball 2-2: Ball 3-2: Strikes out swinging
|
Batting: SHB Lonnie Washington
|
0-0: Called Strike 0-1: Swinging Strike Passed Ball! Aaron Murray scores Bernard Lane to third José Maldonado to second 0-2: SINGLE (Groundball, 56D) Bernard Lane scores José Maldonado to third Runner from 3rd tries for Home, SAFE, no throw
|
Batting: RHB Edmund Kline
|
0-0: Ball 1-0: Swinging Strike 1-1: Ball 2-1: Called Strike 2-2: Strikes out swinging
|
Bottom of the 4th over - 4 runs, 3 hits, 1 error, 1 left on base; Casper 6 - Moose Jaw 5 |
TOP OF THE 5TH |
Casper Ghosts batting - Pitching for Moose Jaw Ghostbusters : RHP Ernesto Mendoza
|
Batting: RHB Tommy Allen
|
0-0: Foul Ball, location: 2F 0-1: Ball 1-1: Swinging Strike 1-2: Ball 2-2: Strikes out swinging
|
Batting: RHB Greg Nichols
|
0-0: Ball 1-0: Called Strike 1-1: Ball 2-1: DOUBLE (Line Drive, 89D) - OUT at third base trying to stretch hit.
|
Batting: RHB Troy Johnson
|
0-0: Ball 1-0: Ball 2-0: Called Strike 2-1: Ground out 5-3 (Groundball, 5L)
|
Top of the 5th over - 0 runs, 1 hit, 0 errors, 0 left on base; Casper 6 - Moose Jaw 5 |
BOTTOM OF THE 5TH |
Moose Jaw Ghostbusters batting - Pitching for Casper Ghosts : LHP Wilson Ramos
|
Batting: LHB Bill O'Higgins
|
0-0: Ball 1-0: Called Strike 1-1: Foul Ball, location: 2F 1-2: Foul Ball, location: 2F 1-2: Ground out 4-3 (Groundball, 4M)
|
Batting: RHB Scott McGuire
|
0-0: Ground out 4-3 (Groundball, 4)
|
Batting: RHB Aaron Murray
|
0-0: Ball 1-0: Swinging Strike 1-1: Foul Ball, location: 2F 1-2: Ball 2-2: Foul Ball, location: 2F 2-2: Ball 3-2: Fly out, F7 (Flyball, 7S)
|
Bottom of the 5th over - 0 runs, 0 hits, 0 errors, 0 left on base; Casper 6 - Moose Jaw 5 |
TOP OF THE 6TH |
Casper Ghosts batting - Pitching for Moose Jaw Ghostbusters : RHP Ernesto Mendoza
|
Batting: LHB Ramón Córdova
|
0-0: Ball 1-0: Ball 2-0: Ball 3-0: Base on Balls
|
Batting: RHB Zhong-xian Pai
|
0-0: Swinging Strike 0-1: Foul Ball, location: 2F 0-2: Ball 1-2: Foul Ball, location: 2F 1-2: Foul Ball, location: 2F 1-2: Fielders Choice at 2nd, 1-6 (Groundball, P)
|
Batting: SHB Esteban Aliaga
|
0-0: Called Strike 0-1: Ball 1-1: Ball 2-1: Fly out, F7 (Flyball, 7LS)
|
Batting: LHB George Flanagan
|
0-0: Ball Zhong-xian Pai is caught stealing 2nd base
|
Top of the 6th over - 0 runs, 0 hits, 0 errors, 0 left on base; Casper 6 - Moose Jaw 5 |
BOTTOM OF THE 6TH |
Moose Jaw Ghostbusters batting - Pitching for Casper Ghosts : LHP Wilson Ramos
|
Batting: LHB Bernard Lane
|
0-0: Called Strike 0-1: Ball 1-1: SOLO HOME RUN (Flyball, 9D), Distance : 365 ft
|
Pitching: LHP Gregory Thompson
|
|
Batting: RHB José Maldonado
|
0-0: Called Strike 0-1: Ball 1-1: Ball 2-1: Called Strike 2-2: Ball 3-2: Strikes out swinging
|
Batting: SHB Martín Cruz
|
0-0: Swinging Strike 0-1: Ball 1-1: Swinging Strike 1-2: Foul Ball, location: 2F 1-2: Foul Ball, location: 2F 1-2: Strikes out swinging
|
Batting: RHB Preston Manning
|
0-0: Ball 1-0: SOLO HOME RUN (Flyball, 7LD), Distance : 348 ft
|
Batting: SHB Lonnie Washington
|
0-0: Ball 1-0: Called Strike 1-1: Ball 2-1: Foul Ball, location: 2F 2-2: Ball 3-2: Base on Balls
|
Batting: RHB Edmund Kline
|
0-0: Foul Ball, location: 2F 0-1: Ball 1-1: Ball 2-1: Foul Ball, location: 2F 2-2: Foul Ball, location: 2F 2-2: Strikes out swinging
|
Bottom of the 6th over - 2 runs, 2 hits, 0 errors, 1 left on base; Casper 6 - Moose Jaw 7 |
TOP OF THE 7TH |
Casper Ghosts batting - Pitching for Moose Jaw Ghostbusters : RHP Ernesto Mendoza
|
Batting: LHB George Flanagan
|
0-0: Ball 1-0: Foul Ball, location: 2F 1-1: Ball 2-1: Foul Ball, location: 2F 2-2: Fly out, F4 (Popup, 34D)
|
Batting: LHB Ralph Cobb
|
0-0: Called Strike 0-1: Ball 1-1: Ball 2-1: DOUBLE (Line Drive, 7LM)
|
Batting: RHB Jerry Browning
|
0-0: Swinging Strike 0-1: Foul Ball, location: 2F 0-2: Strikes out swinging
|
Batting: RHB Tommy Allen
|
0-0: Ball 1-0: Foul Ball, location: 2F 1-1: Foul Ball, location: 2F 1-2: Ball 2-2: Ball 3-2: Base on Balls
|
Batting: RHB Greg Nichols
|
0-0: Ball 1-0: Ball 2-0: Ball 3-0: Called Strike 3-1: SINGLE (Line Drive, 7LS) Ralph Cobb to third Tommy Allen to second Runner from 3rd tries for Home, SAFE, throw made home
|
Batting: RHB Troy Johnson
|
0-0: Called Strike 0-1: Fly out, F9 (Flyball, 89M)
|
Top of the 7th over - 1 run, 2 hits, 0 errors, 2 left on base; Casper 7 - Moose Jaw 7 |
BOTTOM OF THE 7TH |
Moose Jaw Ghostbusters batting - Pitching for Casper Ghosts : LHP Gregory Thompson
|
Batting: LHB Bill O'Higgins
|
0-0: Called Strike 0-1: Foul Ball, location: 2F 0-2: Ball 1-2: Ball 2-2: SINGLE (Line Drive, 34)
|
Batting: RHB Scott McGuire
|
0-0: Ball 1-0: Ball 2-0: SINGLE (Groundball, 34D) Bill O'Higgins to second Runner from 2nd tries for 3rd, SAFE, no throw
|
Batting: RHB Aaron Murray
|
0-0: Ball 1-0: SINGLE (Groundball, 4MD) Bill O'Higgins scores Scott McGuire to second
|
Pinch Hitting: RHB Bob Cole
|
0-0: Ball 1-0: Swinging Strike 1-1: Swinging Strike 1-2: Fly out, F7 (Flyball, 7S)
|
Batting: RHB José Maldonado
|
0-0: Ball 1-0: Called Strike 1-1: Ball 2-1: Fly out, F7 (Flyball, 7LM)
|
Batting: SHB Martín Cruz
|
0-0: Called Strike 0-1: Swinging Strike 0-2: Ball 1-2: Strikes out swinging
|
Bottom of the 7th over - 1 run, 3 hits, 0 errors, 2 left on base; Casper 7 - Moose Jaw 8 |
TOP OF THE 8TH |
Casper Ghosts batting - Pitching for Moose Jaw Ghostbusters : RHP Ernesto Mendoza
|
Now in CF: John Stone
|
|
Batting: LHB Ramón Córdova
|
0-0: Swinging Strike 0-1: Swinging Strike 0-2: Ball 1-2: Ground out 6-3 (Groundball, 6)
|
Batting: RHB Zhong-xian Pai
|
0-0: Called Strike 0-1: Called Strike 0-2: Ball 1-2: Ground out 6-3 (Groundball, 6)
|
Batting: SHB Esteban Aliaga
|
0-0: SINGLE (Line Drive, 9S)
|
Batting: LHB George Flanagan
|
0-0: Ball 1-0: Ground out 4-3 (Groundball, 4)
|
Top of the 8th over - 0 runs, 1 hit, 0 errors, 1 left on base; Casper 7 - Moose Jaw 8 |
BOTTOM OF THE 8TH |
Moose Jaw Ghostbusters batting - Pitching for Casper Ghosts : LHP Gregory Thompson
|
Pitching: RHP Lorne McCoy
|
|
Batting: RHB Preston Manning
|
0-0: Ball 1-0: Fly out, F6 (Popup, 56D)
|
Batting: SHB Lonnie Washington
|
0-0: Foul Ball, location: 2F 0-1: Foul Ball, location: 2F 0-2: Ball 1-2: Foul Ball, location: 2F 1-2: Fly out, F7 (Flyball, 7D)
|
Batting: RHB Edmund Kline
|
0-0: Swinging Strike 0-1: Foul Ball, location: 2F 0-2: Ball 1-2: Strikes out swinging
|
Bottom of the 8th over - 0 runs, 0 hits, 0 errors, 0 left on base; Casper 7 - Moose Jaw 8 |
TOP OF THE 9TH |
Casper Ghosts batting - Pitching for Moose Jaw Ghostbusters : RHP Ernesto Mendoza
|
Batting: LHB Ralph Cobb
|
0-0: Fly out, F8 (Line Drive, 8RD)
|
Now in CF: Tony Beck
|
|
Pinch Hitting: LHB Luis Rodríguez
|
0-0: SINGLE (Line Drive, 7LM)
|
Batting: RHB Tommy Allen
|
0-0: SINGLE (Flyball, 89S) Luis Rodríguez to second
|
Batting: RHB Greg Nichols
|
0-0: Swinging Strike 0-1: Ball 1-1: Grounds into double play, 6-4-3 (Groundball, 6)
|
Top of the 9th over - 0 runs, 2 hits, 0 errors, 1 left on base; Casper 7 - Moose Jaw 8 |
|